 Dungeon Sprint DCSS version 0.31-a0-1074-g0b22e4e0f1 (webtiles) character file.

Game seed: 6459308107344800906

1301 tbh1313 the Bludgeoner (level 8, -4/117 HPs)
             Began as an Ogre Berserker on Nov 28, 2023.
             Was a Priest of Trog.
             Slain by a centaur warrior (14 damage)
             ... in the Dungeon (Sprint I: "Red Sonja").
             The game lasted 00:03:12 (747 turns).

tbh1313 the Bludgeoner (Ogre Berserker)              Turns: 747, Time: 00:03:12

Health: -4/117     AC:  3    Str: 24    XL:     8   Next: 57%
Magic:  8/8        EV: 10    Int:  8    God:    Trog [***...]
Gold:   409        SH:  0    Dex:  8    Spells: 7/7 levels left

rFire   . . .        a - +0 giant spiked club
rCold   . . .        (shield currently unavailable)
rNeg    . . .        j - +0 robe
rPois   .            (helmet restricted)
rElec   .            (no cloak)
rCorr   .            (gloves unavailable)
SInv    .            (boots unavailable)
Will    .....        (no amulet) Stlth
                     (no ring)
HPRegen 0.39/turn    (no ring)
MPRegen 0.11/turn

%: no teleportation
@: berserking, very quick
A: large, unfitting armour, tough skin 1
a: Renounce Religion, Berserk, Trog's Hand


You were in the Dungeon.
You worshipped Trog.
Trog was most pleased with you.
You visited 1 branch You collected 409 gold pieces.

Inventory:

Hand Weapons
 a - a +0 giant spiked club (weapon)
Missiles
 b - 2 javelins
Armour
 j - a +0 robe (worn)
Wands
 i - a wand of mindburst (12)
Scrolls
 h - a scroll of blinking
Potions
 e - a potion of haste
 f - 2 potions of magic
 g - a potion of berserk rage
 k - a potion of mutation {unknown}


   Skills:
 + Level 4.0 Fighting
 + Level 16.8 Maces & Flails
 + Level 2.6 Dodging


You had 7 spell levels left.
You didn't know any spells.
Your spell library was empty.

Dungeon Overview and Level Annotations

Branches:
Dungeon (1/1)

Altars:
Cheibriados
Dithmenos
Elyvilon
Fedhas
Gozag
Hepliaklqana
Kikubaaqudgha
Makhleb
Nemelex Xobeh
Okawaru
Qazlal
Ru
Sif Muna
Trog
Uskayaw
Vehumet
Wu Jian
Xom
Yredelemnul
Zin
The Shining One
Jiyva
Lugonu

Shops:
D =


Innate Abilities, Weirdness & Mutations

You are too large for most types of armour.
You have tough skin. (AC +1)


Message History

The centaur warrior hits you. The centaur warrior kicks you.
The centaur warrior hits you. The centaur warrior kicks you.
There is an open door, spattered with blood here.
A red film seems to cover your vision as you go berserk!
You feel yourself moving faster!
You feel mighty!
The centaur warrior completely misses you.
The centaur warrior kicks you.
You puncture the centaur warrior!
The centaur warrior is lightly wounded.
The centaur warrior hits you. The centaur warrior barely misses you.
You barely miss the centaur warrior.
The centaur warrior is lightly wounded.
The centaur warrior hits you!
* * * LOW HITPOINT WARNING * * *
The centaur warrior kicks you.
* * * LOW HITPOINT WARNING * * *
You completely miss the centaur warrior.
The centaur warrior is lightly wounded.
The centaur warrior closely misses you. x2
You bludgeon the centaur warrior!!
The centaur warrior is heavily wounded.
The centaur warrior completely misses you.
The centaur warrior kicks you.
* * * LOW HITPOINT WARNING * * *
You closely miss the centaur warrior.
The centaur warrior is heavily wounded.
The centaur warrior hits you!
* * * LOW HITPOINT WARNING * * *
The centaur warrior kicks you.
* * * LOW HITPOINT WARNING * * *
You closely miss the centaur warrior.
The centaur warrior is heavily wounded.
The centaur warrior hits you.
* * * LOW HITPOINT WARNING * * *
The centaur warrior kicks you.
* * * LOW HITPOINT WARNING * * *
You closely miss the centaur warrior.
The centaur warrior is heavily wounded.
The centaur warrior hits you!
You die...

##########################
#<.#..)..#..'..#__#..)...#
#..').#..'[.#..'..'..#...#
#..#####'#####@#__#### ..+
#..####..#...#c####!/# ##
#..#__####..##c#§~§..#
#..#_____##'#_.'~~~§c+
#⌠⌠#_.∩...'..._#~~§§c#
####_..__##_.#'##+####
#_____###+#.# ####### ###


You could see 2 centaur warriors.

Levels and vault maps discovered:
D:        dungeon_sprint_1 [red_sonja_temple_1, red_sonja_temple_small_1]

Notes
Turn   | Place    | Note
-------+----------+-------------------------------------------
     0 | D        | tbh1313 the Ogre Berserker began the quest for the Orb.
     0 | D        | Reached XP level 1. HP: 24/24 MP: 1/1
     1 | D        | Noticed Ijyb
     8 | D        | Killed Ijyb
     9 | D        | Reached skill level 5 in Maces & Flails
     9 | D        | Reached XP level 2. HP: 32/32 MP: 2/2
     9 | D        | Reached XP level 3. HP: 39/39 MP: 3/3
    47 | D        | Noticed an ogre
    60 | D        | Killed an ogre
    61 | D        | Reached skill level 9 in Maces & Flails
    61 | D        | Reached XP level 4. HP: 47/48 MP: 4/4
   118 | D        | Noticed Sigmund
   124 | D        | Killed Sigmund
   124 | D        | Reached ** piety under Trog
   125 | D        | Reached skill level 11 in Maces & Flails
   125 | D        | Reached XP level 5. HP: 54/54 MP: 5/5
   125 | D        | Reached XP level 6. HP: 62/62 MP: 6/6
   263 | D        | Found an ornate altar of the Wu Jian Council.
   263 | D        | Found a shimmering blue altar of Sif Muna.
   265 | D        | Found a radiant altar of Vehumet.
   268 | D        | Reached skill level 12 in Maces & Flails
   293 | D        | Found Askyadem's Jewellery Emporium.
   293 | D        | Found an ancient bone altar of Kikubaaqudgha.
   293 | D        | Found a hazy altar of Hepliaklqana.
   293 | D        | Found a stormy altar of Qazlal.
   293 | D        | Found a hide-covered altar of Uskayaw.
   293 | D        | Found a blossoming altar of Fedhas.
   293 | D        | Found a bloodstained altar of Trog.
   293 | D        | Found an iron altar of Okawaru.
   293 | D        | Found a basalt altar of Yredelemnul.
   293 | D        | Found a glowing golden altar of the Shining One.
   293 | D        | Found a snail-covered altar of Cheibriados.
   293 | D        | Found a sacrificial altar of Ru.
   293 | D        | Found a glowing silver altar of Zin.
   293 | D        | Found a shadowy altar of Dithmenos.
   293 | D        | Found a white marble altar of Elyvilon.
   293 | D        | Noticed a yak
   298 | D        | Killed a yak
   299 | D        | Reached skill level 13 in Maces & Flails
   299 | D        | Reached XP level 7. HP: 40/70 MP: 7/7
   299 | D        | Found an opulent altar of Gozag.
   300 | D        | Found a sparkling altar of Nemelex Xobeh.
   415 | D        | Found a burning altar of Makhleb.
   415 | D        | Found a viscous altar of Jiyva.
   415 | D        | Found a shimmering altar of Xom.
   415 | D        | Found a corrupted altar of Lugonu.
   415 | D        | Noticed a slime creature
   420 | D        | Killed a slime creature
   421 | D        | Reached skill level 14 in Maces & Flails
   461 | D        | Noticed a kobold demonologist
   461 | D        | Noticed a glass eye
   466 | D        | Noticed an ice devil
   467 | D        | Noticed a kobold demonologist
   468 | D        | Noticed a hellwing
   468 | D        | Killed a glass eye
   469 | D        | Reached skill level 15 in Maces & Flails
   481 | D        | Killed a kobold demonologist
   481 | D        | Reached *** piety under Trog
   482 | D        | Reached skill level 16 in Maces & Flails
   482 | D        | Reached XP level 8. HP: 74/78 MP: 8/8
   487 | D        | Noticed an orange demon
   490 | D        | Noticed a ynoxinul
   491 | D        | Killed a kobold demonologist
   491 | D        | HP: 1/78 [poisoned by an orange demon]
   496 | D        | HP: 4/78 [poisoned by an orange demon]
   728 | D        | Noticed a centaur warrior
   729 | D        | Noticed a centaur warrior
   746 | D        | HP: 10/117 [centaur warrior (2)]
   747 | D        | Slain by a centaur warrior

Table legend: (Time is in decaauts)
 A = Elapsed time spent in this place.
 B = Non-inter-level travel time spent in this place.
 C = Inter-level travel time spent in this place.
 D = Time resting spent in this place.
 E = Time spent auto-exploring this place.
 F = Levels seen in this place.
 G = Mean time per level.
                   A        B        C        D        E       F      G
               +--------+--------+--------+--------+--------+-----+--------+
         Total |    793 |    793 |      0 |    586 |      0 |   1 |  793.0 |
       Dungeon |    793 |    793 |      0 |    586 |      0 |   1 |  793.0 |
               +--------+--------+--------+--------+--------+-----+--------+

Top non-repeatable levels by time:
       D: 793 daAuts

Table legend:
 A = Kills in this place as a percentage of kills in the entire game.
 B = Kills by you in this place as a percentage of kills by you in the entire game.
 C = Kills by friends in this place as a percentage of kills by friends in the entire game.
 D = Other kills in this place as a percentage of other kills in the entire game.
 E = Experience gained in this place as a percentage of experience gained in the entire game.
 F = Experience gained in this place divided by the number of levels of this place that you have seen.
                   A       B       C       D       E      F
               +-------+-------+-------+-------+-------+----------------------
         Total | 100.0 | 100.0 |   N/A |   N/A | 100.0 | 1859.0
       Dungeon | 100.0 | 100.0 |   N/A |   N/A | 100.0 | 1859.0
               +-------+-------+-------+-------+-------+----------------------

Action                     |  1- 3 |  4- 6 |  7- 9 || total
---------------------------+-------+-------+-------++-------
  Melee: Mace              |    17 |       |       ||    17
         Giant spiked club |       |    10 |    39 ||    49
 Invoke: Berserk           |     2 |     1 |     3 ||     6
         Trog's Hand       |       |       |     1 ||     1
    Use: Potion            |       |       |     2 ||     2
 Armour: Animal skin       |     5 |       |       ||     5
         Robe              |       |     4 |    36 ||    40
  Dodge: Dodged            |     4 |     3 |    13 ||    20

Vanquished Creatures
  2 kobold demonologists (D)
  A glass eye (D)
  A slime creature (D)
  Sigmund (D)
  A yak (D)
  An ogre (D)
  A jelly (D)
  Ijyb (D)
9 creatures vanquished.
